 Dungeon Sprint DCSS version 0.29-a0-723-gce39da1c22 (webtiles) character file.

Game seed: 15495253333123829456

10 Hipnos the Chiller (level 2, -8/15 HPs)
             Began as a Deep Elf Ice Elementalist on June 28, 2022.
             Mangled by Menkaure (16 damage)
             ... in the Dungeon (Sprint II: "The Violet Keep of Menkaure").
             The game lasted 00:01:11 (192 turns).

Hipnos the Chiller (Deep Elf Ice Elementalist)       Turns: 192, Time: 00:01:13

Health: -8/15      AC:  2    Str:  5    XL:     2   Next: 10%
Magic:  6/8        EV: 12    Int: 19    God:
Gold:   243        SH:  0    Dex: 15    Spells: 6/7 levels left

rFire   . . .      SeeInvis .   (no weapon)
rCold   . . .      Faith    .   (no shield)
rNeg    . . .      Spirit   .   a - +0 robe
rPois   .          Reflect  .   (no helmet)
rElec   .          Harm     .   (no cloak)
rCorr   .          Rampage  .   (no gloves)
Will    .....      NoTele   +   (no boots)
Stlth   ++........              (no amulet)
HPRegen 0.05/turn               (no ring)
MPRegen 0.11/turn               (no ring)

@: no status effects
A: no striking features
a: no special abilities


You were in the Dungeon.
You visited 1 branch You collected 243 gold pieces.

Inventory:

Armour
 a - a +0 robe (worn)
Scrolls
 g - a scroll of blinking
Potions
 b - 3 potions of magic
 c - a potion of curing
 d - a potion of heal wounds
 e - a potion of haste
 f - a potion of berserk rage


   Skills:
 + Level 2.6 Dodging
 + Level 2.5 Stealth
 + Level 3.4 Spellcasting
 * Level 6.2 Ice Magic


You had 6 spell levels left.
You knew the following spells:

 Your Spells              Type           Power      Damage    Failure   Level
a - Freeze                Ice            100%       1d11      1%          1

Your spell library contained the following spells:

 Spells                   Type           Power      Damage    Failure   Level
 Frozen Ramparts          Ice            52%        1d7       3%          3
 Ozocubu's Armour         Ice            26%        N/A       3%          3
 Hailstorm                Conj/Ice       15%        3d5       38%         4


Dungeon Overview and Level Annotations

Branches:
Dungeon (1/1)

Altars:

Annotations:
D exclusion: obsidian statue, Menkaure


Message History

Aim: a worm (severely wounded)
You freeze the worm!
You kill the worm!
Your Ice Magic skill increases to level 6!
You have reached level 2!
You close the door.
Okay, then.
You start resting.
Magic restored.
As you open the door, it creaks loudly!
There is an open door here.
You enter the shallow water.
Moving in this stuff is going to be slow.
The lava snake hisses angrily.
Really walk into a travel-excluded area?
Menkaure, Prince of Dust comes into view.
Menkaure shouts!
Marking area around an obsidian statue as unsafe for travelling.
Casting: Freeze (safe; 1% risk of failure)
Confirm with . or Enter, or press ? or * to list all spells.
Aiming: Freeze (safe; 1% risk of failure)
Press: ? - help, Shift-Dir - straight line, f - Menkaure
Aim: Menkaure You freeze Menkaure.
Menkaure resists.
Menkaure is lightly damaged.
Menkaure casts a spell at you. Pain shoots through your body!
Press: ? - help, v - describe, . - travel
Here: Menkaure (lightly damaged)
The floor.
Casting: Freeze (safe; 1% risk of failure)
Confirm with . or Enter, or press ? or * to list all spells.
Aiming: Freeze (safe; 1% risk of failure)
Press: ? - help, Shift-Dir - straight line, f/p - Menkaure
Aim: Menkaure (lightly damaged)
You freeze Menkaure.
Menkaure resists.
Menkaure is lightly damaged.
Menkaure hits you!
Ouch! That really hurt!
You die...

####+ ##....
##...○.
+.....8
....° ..○
≈≈#+++#+++##
≈≈....M@...#
≈≈≈.##+##..#
≈ ##.####
#....#
###..## #+#
##..# ##.##
#..# +.<.+
+..### ##.##
#....###^


You could see an obsidian statue and Menkaure.

Vanquished Creatures
  3 worms (D)
3 creatures vanquished.

Vanquished Creatures (others)
  A water moccasin (D)
1 creature vanquished.

Grand Total: 4 creatures vanquished

Notes
Turn   | Place    | Note
-------+----------+-------------------------------------------
     0 | D        | Hipnos the Deep Elf Ice Elementalist began the quest for
                  | the Orb.
     0 | D        | Reached XP level 1. HP: 10/10 MP: 6/6
    13 | D        | Reached skill level 5 in Ice Magic
    27 | D        | Killed a water moccasin
   143 | D        | Reached skill level 6 in Ice Magic
   143 | D        | Reached XP level 2. HP: 15/15 MP: 5/8
   171 | D        | Noticed a lava snake
   187 | D        | Noticed Menkaure
   190 | D        | Noticed an obsidian statue
   192 | D        | Mangled by Menkaure

Illustrated notes

Levels and vault maps discovered:
D:        the_violet_keep_of_menkaure [sprint2_stairs_cluster_1,
          sprint2_shoproom, sprint2_temple, sprint2_basic_supplies,
          sprint2_obstacle_5, sprint2_obstacle_4, sprint2_obstacle_3,
          sprint2_obstacle_7, sprint2_obstacle_2, sprint2_timed_cluster_1,
          sprint2_smallroom_cluster_1, sprint2_smallroom_final_cluster_1,
          sprint2_transparent_cluster_1, sprint2_second_timed_cluster_1,
          sprint2_sniper_area_1, sprint2_heavy_combat_area_1,
          sprint2_mutation_trap_area_1, sprint2_forest_area_1,
          sprint2_light_combat_area_1, sprint2_behind_water_1,
          sprint2_near_end_vault_1]

Skill      XL: |  1 |
---------------+----+-----
Ice Magic      | 6 |  6.2
Dodging        | |  2.6
Stealth        | |  2.5
Spellcasting   | |  3.4

Action                   || total
-------------------------++-------
 Cast: Freeze            ||    11
Dodge: Dodged            ||     2

Table legend: (Time is in decaauts)
 A = Elapsed time spent in this place.
 B = Non-inter-level travel time spent in this place.
 C = Inter-level travel time spent in this place.
 D = Time resting spent in this place.
 E = Time spent auto-exploring this place.
 F = Levels seen in this place.
 G = Mean time per level.
                   A        B        C        D        E       F      G
               +--------+--------+--------+--------+--------+-----+--------+
         Total |    195 |    195 |      0 |    138 |      0 |   1 |  195.0 |
       Dungeon |    195 |    195 |      0 |    138 |      0 |   1 |  195.0 |
               +--------+--------+--------+--------+--------+-----+--------+

Top non-repeatable levels by time:
       D: 195 daAuts
